 Dungeon Sprint DCSS version 0.29-a0-334-gb41bcbb86e (webtiles) character file.

Game seed: 8488817382066789788

46575 mhtbhm the Shatterer (level 14, -22/147 HPs)
             Began as a Palentonga Berserker on Apr 14, 2022.
             Was the Champion of Trog.
             Hit by a large rock thrown by a stone giant (42 damage)
             ... in the Dungeon (Sprint IX: "|||||||||||||||||||||||||||||").
             The game lasted 00:12:04 (6484 turns).

mhtbhm the Shatterer (Palentonga Berserker)         Turns: 6484, Time: 00:12:04

Health: -22/147    AC: 28    Str: 32    XL:     14   Next: 5%
Magic:  14/14      EV:  9    Int:  8    God:    Trog [******]
Gold:   621        SH:  0    Dex:  9    Spells: 13/13 levels left

rFire   . . .      SeeInvis +   a - +5 dire flail (vorpal)
rCold   + . .      Faith    .   (shield currently unavailable)
rNeg    . . .      Spirit   .   b - +3 chain mail {rC+}
rPois   +          Reflect  .   C - +0 helmet {SInv}
rElec   .          Harm     .   z - +0 cloak {rPois}
rCorr   .          Rampage  .   k - +0 pair of gloves
Will    ++...      NoTele   +   (no barding)
Stlth   ..........              (no amulet)
HPRegen 0.34/turn               w - +6 ring of strength
MPRegen 0.14/turn               t - ring of willpower

@: on berserk cooldown, slowed, curled up, very slow
A: large, rugged brown scales 3, see invisible, deformed body, roll 1, armoured
tail, reflexive curl
a: Rolling Charge, Renounce Religion, Berserk, Trog's Hand, Brothers in Arms


You were in the Dungeon.
You worshipped Trog.
Trog was exalted by your worship.
You visited 1 branch You collected 1922 gold pieces.
You spent 1301 gold pieces at shops.

Inventory:

Hand Weapons
 a - a +5 vorpal dire flail (weapon)
 F - a +5 eveningstar
Missiles
 r - 3 javelins
 v - 3 atropa-tipped darts (quivered)
 G - 6 silver javelins
Armour
 b - a +3 chain mail of cold resistance (worn)
 k - a +0 pair of gloves (worn)
 m - a +2 kite shield of positive energy
 z - a +0 cloak of poison resistance (worn)
 C - a +0 helmet of see invisible (worn)
Jewellery
 t - a ring of willpower (right hand)
 w - a +6 ring of strength (left hand)
 x - a ring of ice
 A - a ring of willpower
 B - a ring of fire
Wands
 j - a wand of acid (6)
 y - a wand of iceblast (8)
 D - a wand of polymorph (6)
Scrolls
 h - 4 scrolls of blinking
 l - a scroll of fear
 o - 3 scrolls of enchant weapon
 p - 8 scrolls of identify
 q - 7 scrolls of enchant armour
Potions
 c - 9 potions of curing
 d - 3 potions of heal wounds
 e - a potion of haste
 f - 4 potions of magic
 g - 3 potions of berserk rage
 i - 2 potions of invisibility
 n - 2 potions of might
 s - a potion of attraction
 u - a potion of mutation
 E - a potion of degeneration {unknown}


   Skills:
 + Level 21.3 Fighting
 + Level 23.1 Maces & Flails
 + Level 1.0 Throwing
 + Level 17.9 Armour
 + Level 8.4 Dodging
 + Level 2.7 Stealth
 + Level 3.1 Evocations


You had 13 spell levels left.
You didn't know any spells.
Your spell library was empty.

Dungeon Overview and Level Annotations

Branches:
Dungeon (1/1)

Altars:
Cheibriados
Dithmenos
Elyvilon
Fedhas
Gozag
Hepliaklqana
Kikubaaqudgha
Makhleb
Nemelex Xobeh
Okawaru
Qazlal
Ru
Sif Muna
Trog
Uskayaw
Vehumet
Wu Jian
Xom
Yredelemnul
Zin
The Shining One
Beogh
Jiyva
Lugonu

Shops:
D *[!(


Innate Abilities, Weirdness & Mutations

You are completely covered in rugged brown scales. (AC +3, +7% HP)
You have supernaturally acute eyesight. (SInv)
Armour fits poorly on your strangely shaped body.
You can roll at nearby foes to attack.
You have a long armoured tail.
You curl defensively after being hit. (AC +7*)


Message History

The ice dragon bites you but does no damage.
The ice dragon claws you. The ice dragon tramples you.
You stumble backwards!
Unknown command.
You hit the ice dragon.
The ice dragon is almost dead.
Unknown command.
You impale the ice dragon!!
You kill the ice dragon!
Trog accepts your kill.
The ice dragon scales are intact enough to wear.
The stone giant hits you! The stone giant hits you!!
* * * LOW HITPOINT WARNING * * *
Things that are here:
+0 ice dragon scales; an ice dragon corpse Unknown command.
You feel much better. The stone giant closely misses you.
A spriggan berserker comes into view. It is wielding a +0 war axe.
The spriggan berserker moves out of view.
Unknown command.
Okay, then.
Your cyclops goes berserk!
The stone giant misses you. The stone giant hits you!!
* * * LOW HITPOINT WARNING * * *
Unknown command.
Unknown command.
You swap places.
The stone giant hits your cyclops!
Your cyclops hits the stone giant!
Unknown command.
The stone giant hits your cyclops!!!
Your cyclops hits the stone giant! The stone giant hits your cyclops!!
Your cyclops hits the stone giant!!
Unknown command.
The stone giant hits your cyclops!!
Your cyclops dies!
Your cyclops's corpse disappears in a puff of smoke!
Unknown command.
You feel much better.
The stone giant throws a large rock.
The large rock hits you!!
* * * LOW HITPOINT WARNING * * *
The stone giant throws a large rock.
The large rock hits you!!!
You die...

▓.▓.▓.▓.▓.▓.▓.▓.▓.
▓.▓.▓.▓.▓.▓.▓.▓.▓'
▓.▓.▓.▓.▓.▓.▓.▓.▓.
▓.▓.▓.▓.▓'▓.▓.▓.▓.
▓.▓.▓.▓.▓.▓.▓.▓.▓!
▓.▓.▓.▓.▓.▓.▓.▓.▓.
▓.▓)▓.▓.▓.▓)▓.▓.▓.
▓.▓.▓.▓.▓.▓)▓)▓.▓.
▓@▓.▓.▓.▓.▓.▓)▓.▓:
▓§▓.▓)▓.▓)▓.▓)▓.▓[
▓C▓.▓)▓.▓)▓.▓)▓.▓.
▓T▓.▓)▓.▓)▓.▓)▓.▓.
▓C▓.▓)▓.▓)▓.▓)▓.▓.
▓R▓.▓)▓.▓)▓.▓)▓.▓.
▓i▓.▓(▓.▓)▓.▓)▓.▓)
▓.▓.▓.▓.▓)▓.▓.▓.▓†
▓.▓.▓.▓.▓)▓.▓.▓.▓.


You could see a frost giant, a stone giant, a rakshasa, a spriggan berserker and
a deep troll shaman.

Vanquished Creatures
  Rupert (D)
  A tengu reaver (D)
  A fire giant (D)
  A fenstrider witch (D)
  2 frost giants (D)
  A very ugly thing (D)
  2 eleionomae (D)
  2 entropy weavers (D)
  A spark wasp (D)
  2 ettins (D)
  A merfolk impaler (D)
  3 fire dragons (D)
  Erolcha (D)
  A naga warrior (D)
  3 hydras (D)
  An ice dragon (D)
  A catoblepas (D)
  A centaur warrior (D)
  A merfolk aquamancer (D)
  An anaconda (D)
  A radroach (D)
  4 death yaks (D)
  A deep troll earth mage (D)
  A tengu warrior (D)
  Urug (D)
  A naga sharpshooter (D)
  A pharaoh ant (D)
  A sea snake (D)
  A swamp dragon (D)
  A deep elf pyromancer (D)
  4 orc knights (D)
  2 manticores (D)
  2 wolf spiders (D)
  A merfolk siren (D)
  A moth of wrath (D)
  An elephant (D)
  A guardian serpent (D)
  Maurice (D)
  6 black mambas (D)
  A demonic crawler (D)
  3 komodo dragons (D)
  A tengu conjurer (D)
  A wind drake (shapeshifter) (D)
  A troll (D)
  2 blink frogs (D)
  A wyvern (D)
  5 yaks (D)
  A wraith (D)
  A basilisk (D)
  2 vampire mosquitoes (D)
  Eustachio (D)
  A redback (D)
  A steam dragon (D)
  An acid dragon (D)
  20 orc warriors (D)
  A black bear (D)
  A necrophage (D)
  3 bullfrogs (D)
  2 wights (D)
  6 orc priests (D)
  An iguana (D)
  2 orc wizards (D)
  A hell rat (D)
  An ufetubus (D)
  7 orcs (D)
  2 endoplasms (D)
  A goblin (D)
  A hobgoblin (D)
  A ball python (D)
133 creatures vanquished.

Vanquished Creatures (collateral kills)
  2 boulder beetles (D)
  2 hydras (D)
  An ogre mage (D)
  A tengu warrior (D)
  A spriggan berserker (D)
  2 bog bodies (D)
  A cyclops (D)
  A water nymph (D)
  A bloated husk (D)
  A merfolk (D)
  A snapping turtle (D)
14 creatures vanquished.

Grand Total: 147 creatures vanquished

Notes
Turn   | Place    | Note
-------+----------+-------------------------------------------
     0 | D        | mhtbhm the Palentonga Berserker began the quest for the
                  | Orb.
     0 | D        | Reached XP level 1. HP: 19/19 MP: 1/1
    14 | D        | Reached ** piety under Trog
    34 | D        | Banished a spatial maelstrom
   261 | D        | Noticed an iguana
   261 | D        | Noticed a necrophage
   264 | D        | Reached skill level 4 in Maces & Flails
   264 | D        | Reached XP level 2. HP: 26/26 MP: 2/2
   267 | D        | Reached *** piety under Trog
   268 | D        | Reached skill level 5 in Maces & Flails
   268 | D        | Reached XP level 3. HP: 33/33 MP: 3/3
   271 | D        | Killed a necrophage
   272 | D        | Reached skill level 5 in Fighting
   272 | D        | Reached skill level 6 in Maces & Flails
   272 | D        | Reached XP level 4. HP: 42/42 MP: 4/4
   275 | D        | Reached skill level 7 in Maces & Flails
   315 | D        | Found a snail-covered altar of Cheibriados.
   315 | D        | Found a shadowy altar of Dithmenos.
   315 | D        | Found a white marble altar of Elyvilon.
   315 | D        | Found a blossoming altar of Fedhas.
   315 | D        | Found an opulent altar of Gozag.
   316 | D        | Found a hazy altar of Hepliaklqana.
   317 | D        | Found a viscous altar of Jiyva.
   318 | D        | Found an ancient bone altar of Kikubaaqudgha.
   319 | D        | Found a corrupted altar of Lugonu.
   320 | D        | Found a burning altar of Makhleb.
   321 | D        | Found a sparkling altar of Nemelex Xobeh.
   322 | D        | Found an iron altar of Okawaru.
   323 | D        | Found a stormy altar of Qazlal.
   324 | D        | Found a sacrificial altar of Ru.
   325 | D        | Found a shimmering blue altar of Sif Muna.
   326 | D        | Found a bloodstained altar of Trog.
   327 | D        | Found a hide-covered altar of Uskayaw.
   328 | D        | Found a radiant altar of Vehumet.
   329 | D        | Found an ornate altar of the Wu Jian Council.
   330 | D        | Found a shimmering altar of Xom.
   331 | D        | Found a basalt altar of Yredelemnul.
   332 | D        | Found a glowing silver altar of Zin.
   333 | D        | Found a glowing golden altar of the Shining One.
   380 | D        | Noticed a steam dragon
   380 | D        | Noticed a vampire mosquito
   380 | D        | Noticed a troll
   380 | D        | Noticed an orc warrior
   388 | D        | Killed a steam dragon
   388 | D        | Reached **** piety under Trog
   389 | D        | Reached skill level 8 in Maces & Flails
   389 | D        | Reached XP level 5. HP: 17/51 MP: 5/5
   616 | D        | Killed a vampire mosquito
   617 | D        | Reached skill level 10 in Maces & Flails
   617 | D        | Reached XP level 6. HP: 59/59 MP: 6/6
   622 | D        | Killed a troll
   623 | D        | Reached skill level 11 in Maces & Flails
   623 | D        | Gained mutation: You curl defensively after being hit. (AC
                  | +7*) [Palentonga growth]
   623 | D        | Reached XP level 7. HP: 68/68 MP: 7/7
   628 | D        | Reached skill level 12 in Maces & Flails
   628 | D        | Reached skill level 5 in Dodging
   682 | D        | Noticed a manticore
   682 | D        | Noticed a tengu conjurer
   682 | D        | Noticed a vampire mosquito
   682 | D        | Noticed a wraith
   682 | D        | Noticed a guardian serpent
   739 | D        | Killed a manticore
   739 | D        | Reached ***** piety under Trog
   740 | D        | Reached skill level 10 in Fighting
   740 | D        | Reached skill level 13 in Maces & Flails
   740 | D        | Reached XP level 8. HP: 76/77 MP: 8/8
   742 | D        | Killed a tengu conjurer
   743 | D        | Reached skill level 5 in Armour
   755 | D        | Received a gift from Trog
   796 | D        | Noticed a wind drake
   796 | D        | a guardian serpent changed into a wind drake
   799 | D        | Reached skill level 14 in Maces & Flails
   804 | D        | Killed a wind drake
   805 | D        | Reached XP level 9. HP: 54/86 MP: 9/9
   963 | D        | Noticed a komodo dragon
   963 | D        | Noticed a six-headed hydra
   963 | D        | Noticed a komodo dragon
   963 | D        | Noticed a komodo dragon
   965 | D        | Noticed a seven-headed hydra
   975 | D        | Killed a komodo dragon
   976 | D        | Reached skill level 15 in Maces & Flails
   977 | D        | Killed a six-headed hydra
   981 | D        | Killed a komodo dragon
   982 | D        | Reached skill level 16 in Maces & Flails
  1244 | D        | Killed a komodo dragon
  1246 | D        | Received a gift from Trog
  1250 | D        | Killed a seven-headed hydra
  1251 | D        | Reached XP level 10. HP: 98/98 MP: 10/10
  1403 | D        | Noticed a six-headed hydra
  1403 | D        | Noticed an elephant
  1403 | D        | Noticed a black mamba
  1408 | D        | Killed a six-headed hydra
  1409 | D        | Reached skill level 17 in Maces & Flails
  1416 | D        | Killed an elephant
  1417 | D        | Reached ****** piety under Trog
  1420 | D        | Killed a black mamba
  1421 | D        | Received a gift from Trog
  1544 | D        | Noticed a catoblepas
  1544 | D        | Noticed a death yak
  1544 | D        | Noticed a death yak
  1740 | D        | Noticed a death yak
  1740 | D        | Noticed a death yak
  1747 | D        | Killed a catoblepas
  1752 | D        | Killed a death yak
  1753 | D        | Reached skill level 10 in Armour
  1758 | D        | Killed a death yak
  1759 | D        | Reached skill level 18 in Maces & Flails
  1759 | D        | Reached XP level 11. HP: 107/107 MP: 11/11
  1762 | D        | Killed a death yak
  1766 | D        | Killed a death yak
  2016 | D        | Noticed an ettin
  2016 | D        | Noticed an ettin
  2022 | D        | Killed an ettin
  2022 | D        | Received a gift from Trog
  2026 | D        | Killed an ettin
  2027 | D        | Reached skill level 15 in Fighting
  2037 | D        | Received a gift from Trog
  2052 | D        | Reached skill level 19 in Maces & Flails
  2226 | D        | Received a gift from Trog
  2248 | D        | Received a gift from Trog
  2298 | D        | Found Ikkalofamy's General Store.
  2298 | D        | Noticed an orc knight
  2298 | D        | Noticed an orc knight
  2303 | D        | Killed an orc knight
  2304 | D        | Found Ohuel Entou's Armour Shoppe.
  2305 | D        | Noticed an orc knight
  2307 | D        | Killed an orc knight
  2311 | D        | Received a gift from Trog
  2321 | D        | Found Retue's Distillery.
  2325 | D        | Killed an orc knight
  2326 | D        | Reached skill level 1 in Stealth
  2554 | D        | Found Hengat's Weapon Shoppe.
  2556 | D        | Noticed an orc knight
  2558 | D        | Killed an orc knight
  2562 | D        | Received a gift from Trog
  2590 | D        | Bought a scroll of blinking for 82 gold pieces
  2590 | D        | Bought a scroll of enchant armour for 82 gold pieces
  2594 | D        | Bought a potion of heal wounds for 60 gold pieces
  2594 | D        | Bought a potion of curing for 36 gold pieces
  2594 | D        | Bought a potion of curing for 36 gold pieces
  2594 | D        | Bought a potion of invisibility for 96 gold pieces
  2594 | D        | Bought a potion of mutation for 96 gold pieces
  2596 | D        | Bought 5 atropa-tipped darts for 33 gold pieces
  2602 | D        | Bought a scroll of identify for 22 gold pieces
  2602 | D        | Bought a +6 ring of strength for 643 gold pieces
  2604 | D        | Bought a +1 cloak for 115 gold pieces
  2729 | D        | Noticed Maurice
  2739 | D        | Killed Maurice
  2841 | D        | Noticed Erolcha
  2850 | D        | Killed Erolcha
  2851 | D        | Reached skill level 20 in Maces & Flails
  2851 | D        | Reached XP level 12. HP: 94/120 MP: 12/12
  2944 | D        | Noticed Eustachio
  2947 | D        | Killed Eustachio
  2947 | D        | Received a gift from Trog
  3033 | D        | Noticed a boulder beetle
  3033 | D        | Noticed a centaur warrior
  3033 | D        | Noticed an ogre mage
  3033 | D        | Noticed a tengu warrior
  3037 | D        | Noticed a boulder beetle
  3042 | D        | Killed a centaur warrior
  3048 | D        | Noticed a tengu warrior
  3055 | D        | Killed a boulder beetle
  3056 | D        | Killed an ogre mage
  3056 | D        | Received a gift from Trog
  3057 | D        | Killed a tengu warrior
  3059 | D        | Killed a boulder beetle
  3080 | D        | Noticed a death yak
  3081 | D        | Noticed a frost giant
  3085 | D        | Killed a tengu warrior
  3246 | D        | HP: 2/184 [frost giant/bolt of cold (21)]
  3247 | D        | Killed a frost giant
  3247 | D        | Received a gift from Trog
  3757 | D        | Noticed a fire dragon
  3770 | D        | Killed a fire dragon
  3771 | D        | Reached skill level 21 in Maces & Flails
  3771 | D        | Reached skill level 1 in Evocations
  4033 | D        | Noticed a deep troll earth mage
  4047 | D        | Killed a deep troll earth mage
  4151 | D        | Noticed a frost giant
  4162 | D        | Killed a frost giant
  4170 | D        | Noticed a red very ugly thing
  4179 | D        | Killed a red very ugly thing
  4179 | D        | Identified the +1 executioner's axe "Voss" {flame, Str+6
                  | Stlth+} (Trog gifted it to you in the Dungeon)
  4179 | D        | Received a gift from Trog
  4239 | D        | Noticed a tengu reaver
  4244 | D        | Killed a tengu reaver
  4702 | D        | Noticed a merfolk impaler
  4702 | D        | Noticed a merfolk aquamancer
  4714 | D        | Received a gift from Trog
  4719 | D        | Killed a merfolk aquamancer
  4720 | D        | Reached skill level 15 in Armour
  4720 | D        | Reached XP level 13. HP: 132/132 MP: 13/13
  4724 | D        | Killed a merfolk impaler
  4731 | D        | Received a gift from Trog
  4904 | D        | Noticed an eleionoma
  4904 | D        | Noticed an eleionoma
  4904 | D        | Noticed a fenstrider witch
  4912 | D        | Killed an eleionoma
  4923 | D        | Killed an eleionoma
  4927 | D        | Killed a fenstrider witch
  4933 | D        | Received a gift from Trog
  4935 | D        | Reached skill level 22 in Maces & Flails
  5236 | D        | Received a gift from Trog
  5635 | D        | Noticed an entropy weaver
  5638 | D        | Received a gift from Trog
  5650 | D        | Killed an entropy weaver
  5655 | D        | Noticed an entropy weaver
  5841 | D        | Received a gift from Trog
  5855 | D        | Killed an entropy weaver
  5992 | D        | Noticed Urug
  5997 | D        | Killed Urug
  6151 | D        | Noticed Rupert
  6162 | D        | Killed Rupert
  6226 | D        | Noticed a fire giant
  6226 | D        | Noticed a fire dragon
  6226 | D        | Noticed a fire dragon
  6226 | D        | Noticed a spark wasp
  6231 | D        | Killed a fire giant
  6231 | D        | Received a gift from Trog
  6455 | D        | Noticed a stone giant
  6461 | D        | Killed a fire dragon
  6466 | D        | Killed a fire dragon
  6467 | D        | Reached skill level 23 in Maces & Flails
  6467 | D        | Reached XP level 14. HP: 147/147 MP: 14/14
  6470 | D        | Noticed a frost giant
  6472 | D        | Reached skill level 1 in Throwing
  6484 | D        | Hit by a large rock thrown by a stone giant

Illustrated notes

Levels and vault maps discovered:
D:        linesprint [early_d, line_temple, items_1, d_10, items_2, lair_1,
          lair_end, items_3, orc_1, orc_end, items_4, d_15, swamp_1, shoals_1,
          snake_1, spider_1, d_20, vaults_1, items_5, swamp_end, shoals_end,
          snake_end, spider_end, vaults_end, d_27, items_6, zot_1, zot_end,
          crypt_end, forest_end, elf_end, slime_end, tomb_end, abyss_end,
          pan_hell_end]

Skill      XL: |  1  2  3  4  5  6  7  8  9 10 11 12 13 14 |
---------------+-------------------------------------------+-----
Maces & Flails | 4 5 6 8 10 11 13 14 16 18 20 21 23 | 23.1
Fighting       | 4 5 7 8 9 10 11 13 14 16 18 21 | 21.3
Armour         | 2 3 4 5 7 10 12 15 17 | 17.9
Dodging        | 2 3 4 5 6 7 8 |  8.4
Stealth        | 1 2 |  2.7
Evocations     | 2 3 |  3.1
Throwing       | 1 |  1.0

Action                   |  1- 3 |  4- 6 |  7- 9 | 10-12 | 13-15 || total
-------------------------+-------+-------+-------+-------+-------++-------
Melee: Mace              |    26 |     3 |       |       |       ||    29
       Tailslap          |     4 |       |    11 |    39 |    17 ||    71
       Morningstar       |       |    14 |    64 |   239 |     4 ||   321
       Punch             |       |       |     1 |     8 |       ||     9
       Dire flail        |       |       |       |       |   116 ||   116
Throw: Dart              |       |       |       |       |     4 ||     4
Invok: Berserk           |     1 |     2 |     3 |    10 |     6 ||    22
       Trog's Hand       |       |       |     1 |       |       ||     1
       Brothers in Arms  |       |       |       |     2 |     3 ||     5
 Abil: Rolling Charge    |       |       |       |     7 |     2 ||     9
Evoke: Wand              |       |       |       |     4 |       ||     4
  Use: Potion            |       |       |     3 |     1 |     2 ||     6
Armor: Animal skin       |     6 |       |       |       |       ||     6
       Ring mail         |       |     8 |       |       |       ||     8
       Chain mail        |       |       |    25 |    93 |    50 ||   168
Dodge: Dodged            |     8 |     8 |    26 |    46 |    37 ||   125

Table legend: (Time is in decaauts)
 A = Elapsed time spent in this place.
 B = Non-inter-level travel time spent in this place.
 C = Inter-level travel time spent in this place.
 D = Time resting spent in this place.
 E = Time spent auto-exploring this place.
 F = Levels seen in this place.
 G = Mean time per level.
                   A        B        C        D        E       F      G
               +--------+--------+--------+--------+--------+-----+--------+
         Total |   6528 |   6528 |      0 |   3988 |   1253 |   1 | 6528.0 |
       Dungeon |   6528 |   6528 |      0 |   3988 |   1253 |   1 | 6528.0 |
               +--------+--------+--------+--------+--------+-----+--------+

Top non-repeatable levels by time:
       D: 6528 daAuts
